 Dungeon Crawl Stone Soup version 0.29-a0-717-g6dac4ea423 (webtiles) character file.

Game seed: 8324905084556366392

504 porpoise the Caller (level 6, -1/51 HPs)
             Began as a Demonspawn Summoner on June 27, 2022.
             Slain by a black bear (5 damage)
             ... on level 5 of the Dungeon.
             The game lasted 00:16:29 (5670 turns).

porpoise the Caller (Demonspawn Summoner)           Turns: 5670, Time: 00:16:31

Health: -1/51      AC:  4    Str: 10    XL:     6   Next: 96%
Magic:  1/10       EV: 11    Int: 16    God:
Gold:   234        SH:  0    Dex: 14    Spells: 1/11 levels left

rFire   . . .      SeeInvis .   a - +0 whip (elec)
rCold   . . .      Faith    .   (no shield)
rNeg    . . .      Spirit   .   u - +0 leather armour
rPois   .          Reflect  .   (helmet restricted)
rElec   .          Harm     .   q - +0 cloak
rCorr   .          Rampage  .   (no gloves)
Will    .....                   (no boots)
Stlth   ++........              (no amulet)
HPRegen 0.17/turn               (no ring)
MPRegen 0.12/turn               (no ring)

@: no status effects
A: antennae 1, demonic magic 1
a: no special abilities


You were on level 5 of the Dungeon.
You visited 1 branch of the dungeon, and saw 5 of its levels.

You collected 234 gold pieces.

Inventory:

Hand Weapons
 a - a +0 whip of electrocution (weapon)
 w - a +0 trident
Missiles
 e - 3 poisoned darts (quivered)
 x - 10 javelins
Armour
 q - a +0 cloak (worn)
 u - a +0 leather armour (worn)
Magical Staves
 r - a staff of death
Wands
 p - a wand of iceblast (4)
Scrolls
 c - 3 scrolls of fear
 g - 3 scrolls of poison
 j - 2 scrolls of magic mapping
 k - 2 scrolls of teleportation
 l - a scroll of brand weapon {unknown}
 t - a scroll of fog {unknown}
 v - a scroll of vulnerability {unknown}
 y - a scroll of immolation
 z - a scroll of amnesia {unknown}
 C - a scroll of silence {unknown}
Potions
 b - a potion of magic
 d - a potion of lignification
 f - a potion of attraction
 h - 4 potions of curing
 i - 6 potions of heal wounds
 m - a potion of degeneration {unknown}
 n - 2 potions of resistance
 o - a potion of flight {unknown}
 s - 2 potions of mutation {unknown}
 A - a potion of ambrosia {unknown}
 B - a potion of haste {unknown}


   Skills:
 * Level 5.0 Fighting
 - Level 2.0 Maces & Flails
 - Level 1.7 Dodging
 - Level 1.7 Stealth
 - Level 3.0 Spellcasting
 + Level 5.4 Summonings


You had one spell level left.
You knew the following spells:

 Your Spells              Type           Power      Damage    Failure   Level
a - Summon Small Mammal   Summ           76%        N/A       2%          1
b - Call Imp              Summ           19%        N/A       4%          2
c - Call Canine Familiar  Summ           19%        N/A       9%          3
d - Summon Lightning Spi  Summ/Air       11%        N/A       63%         4

Your spell library contained the following spells:

 Spells                   Type           Power      Damage    Failure   Level
 Summon Guardian Golem    Hex/Summ       11%        N/A       26%         3
 Animate Dead             Necr           2%         N/A       94%         4
 Borgnjor's Vile Clutch   Necr/Erth      1%         N/A       100%        5
 Death Channel            Necr           1%         N/A       100%        6


Dungeon Overview and Level Annotations

Branches:
Dungeon (5/15)
 Temple: D:4-7

Altars:

Annotations:
D:5 Grinder


Innate Abilities, Weirdness & Mutations

You have a pair of small antennae on your head.
Spells you cast may paralyse adjacent enemies.


Message History

The black bear is severely wounded.
The black bear goes berserk!
You hit the black bear but do no damage.
The black bear is severely wounded.
The black bear bites you!
* * * LOW HITPOINT WARNING * * *
The black bear closely misses you. The black bear claws you.
* * * LOW HITPOINT WARNING * * *
The black bear barely misses you. The black bear claws you.
* * * LOW HITPOINT WARNING * * *
The black bear barely misses you.
You swap places.
The black bear barely misses your crimson imp.
The black bear misses your crimson imp. The black bear claws your crimson imp.
Your crimson imp hits the black bear but does no damage.
Casting: Call Imp (safe; 4% risk of failure)
Confirm with . or Enter, or press ? or * to list all spells.
Malevolent energies surge around you. The black bear bites your crimson imp!
Your crimson imp dies!
Your crimson imp disappears in a puff of smoke!
You swap places.
The black bear barely misses your hound. x2
The black bear claws your hound.
Your hound bites the black bear.
The black bear bites your hound! The black bear claws your hound. x2
Your hound closely misses the black bear.
The black bear barely misses your hound. x2
The black bear claws your hound but does no damage.
Your hound bites the black bear.
The black bear barely misses your hound.
The black bear claws your hound.
Your hound dies!
Your hound's corpse disappears in a puff of smoke!
Casting: Call Canine Familiar (dangerous; 9% risk of failure)
Confirm with . or Enter, or press ? or * to list all spells.
Malevolent energies surge around you.
The black bear growls angrily.
The black bear barely misses you. The black bear claws you.
* * * LOW HITPOINT WARNING * * *
The black bear claws you.
You die...

..# #.# #.# #.#
#.# #.# #
#.#####..#
#.####<.......#
#.h@h........##
##############


You could see a black bear (berserk, ally target) and a friendly hound
(summoned).

Vanquished Creatures
  A scorpion (D:4)
  3 hounds
  Crazy Yiuf (D:2)
  2 orc priests (D:4)
  A gnoll (D:5)
  3 adders
  A worm (D:2)
  2 dart slugs (D:1)
  7 orcs
  5 endoplasms
  7 giant cockroaches
  2 goblins (D:1)
  5 hobgoblins
  3 ball pythons
  5 bats
  3 frilled lizards
  4 kobolds
  4 rats
59 creatures vanquished.

Vanquished Creatures (collateral kills)
  A phantom (D:5)
  An iguana (D:4)
  3 adders
  A gnoll (D:5)
  2 orcs (D:4)
  An endoplasm (D:1)
  2 giant cockroaches (D:4)
  3 goblins
  2 hobgoblins (D:4)
  A jackal (D:4)
  A kobold (D:1)
  2 ball pythons (D:1)
  A frilled lizard (D:1)
  3 rats (D:1)
24 creatures vanquished.

Grand Total: 83 creatures vanquished

Notes
Turn   | Place    | Note
-------+----------+-------------------------------------------
     0 | D:1      | porpoise the Demonspawn Summoner began the quest for the
                  | Orb.
     0 | D:1      | Reached XP level 1. HP: 13/13 MP: 3/3
   238 | D:1      | Gained mutation: You have a pair of small antennae on your
                  | head. [demonic ancestry]
   238 | D:1      | Reached XP level 2. HP: 16/20 MP: 1/5
   429 | D:1      | Reached skill level 1 in Fighting
   574 | D:1      | Found a faded altar of an unknown god.
   634 | D:1      | Reached skill level 1 in Maces & Flails
   793 | D:1      | Learned a level 2 spell: Call Imp
  1164 | D:2      | Gained mutation: Spells you cast may paralyse adjacent
                  | enemies. [demonic ancestry]
  1164 | D:2      | Reached XP level 3. HP: 26/26 MP: 6/6
  2149 | D:2      | Found a runed translucent door.
  2150 | D:2      | Noticed Crazy Yiuf
  2397 | D:2      | Killed Crazy Yiuf
  2398 | D:2      | Reached XP level 4. HP: 6/33 MP: 7/7
  2760 | D:2      | Learned a level 3 spell: Call Canine Familiar
  3424 | D:4      | Reached XP level 5. HP: 36/39 MP: 5/8
  4067 | D:4      | Learned a level 4 spell: Summon Lightning Spire
  4094 | D:4      | Reached XP level 6. HP: 26/48 MP: 10/10
  4424 | D:4      | Reached skill level 5 in Summonings
  5171 | D:5      | Entered Level 5 of the Dungeon
  5353 | D:5      | Reached skill level 5 in Fighting
  5354 | D:5      | Noticed Grinder
  5359 | D:5      | Noticed an ice beast
  5670 | D:5      | Slain by a black bear

Illustrated notes

Levels and vault maps discovered:
D:1:      wander_arrival_abandoned_jail, layout_basic,
          dreamdust_ecumenical_altar_angels_and_demons, minmay_split_cup_small
D:2:      layout_basic, uniq_crazy_yiuf_cottage
D:3:      layout_rooms
D:4:      minmay_bubble_buster, layout_basic, minmay_misc_feat_chi
D:5:      layout_loops_ring, minitemple, minmay_temple_entry_hall, uniq_grinder

Skill      XL: |  1  2  3  4  5  6 |
---------------+-------------------+-----
Fighting       | 1 2 3 5 |  5.0
Maces & Flails | 1 2 |  2.0
Spellcasting   | 3 |  3.0
Summonings     | 5 |  5.4
Dodging        | |  1.7
Stealth        | |  1.7

Action                   |  1- 3 |  4- 6 || total
-------------------------+-------+-------++-------
Melee: Whip              |    75 |   103 ||   178
       Punch             |       |     3 ||     3
       Trident           |       |     4 ||     4
Throw: Dart              |     2 |    11 ||    13
 Cast: Summon Small Mamm |    26 |    22 ||    48
       Call Imp          |     2 |     9 ||    11
       Call Canine Famil |       |     9 ||     9
Evoke: Wand              |     2 |       ||     2
  Use: Scroll            |     5 |     5 ||    10
 Stab: Sleeping          |     6 |     4 ||    10
       Paralysed         |     2 |     7 ||     9
Armor: Robe              |    14 |     3 ||    17
       Leather armour    |       |    27 ||    27
Dodge: Dodged            |    34 |    65 ||    99

Table legend: (Time is in decaauts)
 A = Elapsed time spent in this place.
 B = Non-inter-level travel time spent in this place.
 C = Inter-level travel time spent in this place.
 D = Time resting spent in this place.
 E = Time spent auto-exploring this place.
 F = Levels seen in this place.
 G = Mean time per level.
                   A        B        C        D        E       F      G
               +--------+--------+--------+--------+--------+-----+--------+
         Total |   5673 |   5515 |    158 |   1949 |   2647 |   5 | 1134.6 |
       Dungeon |   5673 |   5515 |    158 |   1949 |   2647 |   5 | 1134.6 |
               +--------+--------+--------+--------+--------+-----+--------+

Top non-repeatable levels by time:
     D:4: 2045 daAuts
     D:2: 1653 daAuts
     D:1: 1158 daAuts
     D:3: 571 daAuts
     D:5: 243 daAuts
